 Dungeon Crawl Stone Soup version 0.19.0-20-gbc5f0c6 (webtiles) character file.

410 grisgris the Skirmisher (level 6, 0/57 HPs)
             Began as a Centaur Fighter on Nov 16, 2016.
             Was an Initiate of Makhleb.
             Slain by a centaur (2 damage)
             ... on level 4 of the Dungeon.
             The game lasted 00:07:11 (3223 turns).

grisgris the Skirmisher (Centaur Fighter)           Turns: 3223, Time: 00:07:12

Health: 0/57       AC:  7    Str: 26    XL:     6   Next: 58%
Magic:  6/6        EV:  7    Int:  7    God:    Makhleb [......]
Gold:   155        SH:  0    Dex:  8    Spells: 0 memorised, 5 levels left

rFire  . . .     SeeInvis .     c - +2 mace (holy)
rCold  . . .     Gourm    .     b - +0 scale mail
rNeg   . . .     Faith    .     (no shield)
rPois  +         Spirit   .     s - +1 hat
rElec  .         Reflect  .     (no cloak)
rCorr  .         Harm     .     (no gloves)
MR     .....                    (no barding)
Stlth  ..........               (no amulet)
                                (no ring)
                                r - ring of poison resistance

@: mighty, very quick
A: hooves 3, deformed body, speed 2, tough skin 3
a: Renounce Religion


You were on level 4 of the Dungeon.
You worshipped Makhleb.
Makhleb was noncommittal.
You were not hungry.

You visited 1 branch of the dungeon, and saw 4 of its levels.

You collected 155 gold pieces.

Inventory:

Hand Weapons
 c - a +2 mace of holy wrath (weapon)
Armour
 b - a +0 scale mail (worn)
 s - a +1 hat (worn)
Jewellery
 r - a ring of poison resistance (left hand)
 y - a +5 ring of dexterity {unknown}
Wands
 o - a wand of confusion (31/48)
Scrolls
 a - 6 scrolls of identify {unknown}
 h - 3 scrolls of remove curse {unknown}
 k - a scroll of recharging {unknown}
 l - a scroll of fear {unknown}
 p - 2 scrolls of teleportation {unknown}
 t - a scroll of magic mapping {unknown}
 u - a scroll of amnesia {unknown}
 w - a scroll of noise {unknown}
 x - 2 scrolls of enchant weapon {unknown}
Potions
 d - a potion of might
 e - a potion of flight {unknown}
 g - a potion of ambrosia {unknown}
 j - a potion of curing {unknown}
 m - 2 potions of agility {unknown}
 n - a potion of mutation {unknown}
 v - a potion of lignification {unknown}
Comestibles
 f - 5 bread rations
 i - a slice of pizza
 q - 3 meat rations


   Skills:
 * Level 5.9 Fighting
 + Level 3.5 Maces & Flails
 + Level 3.1 Armour
   Level 2.1 Shields


You had 5 spell levels left.
You didn't know any spells.

Dungeon Overview and Level Annotations

Branches:
Dungeon (4/15)
 Temple: D:4-7

Altars:
Makhleb
Nemelex Xobeh
Vehumet
Yredelemnul


Innate Abilities, Weirdness & Mutations

You have hooves in place of feet.
Armour fits poorly on your strangely shaped body.
You cover ground very quickly.
You have extremely tough skin. (AC +3)


Message History

The centaur unwields an uncursed shortbow of velocity.
The centaur barely misses you.
Found a trident.
Items here: ))) [[ † You barely miss the centaur.
Your kick misses the centaur. The centaur completely misses you.
The orc priest hits you with a trident.
* * * LOW HITPOINT WARNING * * *
You sock the orc priest!
You kick the orc priest, but do no damage.
The orc priest is severely wounded.
The centaur hits you but does no damage.
The orc priest hits you but does no damage.
The centaur barely misses you.
You bludgeon the orc priest!!
You kill the orc priest!
Makhleb accepts your kill. The centaur hits you.
* * * LOW HITPOINT WARNING * * *
The centaur hits you.
You die...

#.# #. #...#. #.# ###.
##.).#.###.# #...
...........# #...
...........# +... .
..... ...# #... ...#.[o
..# ###' ......o###.##
####.
.....sc@(...########....
......####..##..........
.#.............#..#####.
#.#.#####..##.#........
.. ...........##.##. .
........#.#..##.##.
#####..............
#..##.#..##.##.
#......#.###....


You could see a centaur, 2 orcs and a giant cockroach.

Vanquished Creatures
  A crimson imp (D:4)
  2 orc priests (D:4)
  A hound (D:3)
  2 orc wizards
  A bullfrog skeleton (D:4)
  A worker ant (D:3)
  8 adders
  An ooze (D:2)
  An adder skeleton (D:4)
  4 worms
  4 dart slugs
  3 leopard geckos
  8 orcs
  2 ball pythons (D:1)
  7 bats
  5 giant cockroaches
  4 goblins
  7 hobgoblins
  9 kobolds
  A quokka (D:2)
  6 frilled lizards
  A leopard gecko skeleton (D:4)
  7 rats
86 creatures vanquished.

Notes
Turn   | Place    | Note
-------+----------+-------------------------------------------
     0 | D:1      | grisgris the Centaur Fighter began the quest for the Orb.
     0 | D:1      | Reached XP level 1. HP: 19/19 MP: 1/1
   102 | D:1      | Reached XP level 2. HP: 12/26 MP: 2/2
   800 | D:1      | Reached XP level 3. HP: 31/33 MP: 3/3
   986 | D:2      | Reached skill level 4 in Fighting
  1422 | D:2      | Reached XP level 4. HP: 40/40 MP: 4/4
  1908 | D:2      | Found a sparkling altar of Nemelex Xobeh.
  2204 | D:3      | Found a basalt altar of Yredelemnul.
  2210 | D:3      | Reached XP level 5. HP: 45/47 MP: 5/5
  2492 | D:3      | Reached skill level 5 in Fighting
  3135 | D:4      | Found a burning altar of Makhleb.
  3136 | D:4      | Found a radiant altar of Vehumet.
  3144 | D:4      | Reached XP level 6. HP: 51/56 MP: 6/6
  3148 | D:4      | Became a worshipper of Makhleb the Destroyer
  3223 | D:4      | HP: 2/57 [centaur (4)]
  3223 | D:4      | Slain by a centaur

Skill      XL: |  1  2  3  4  5  6 |
---------------+-------------------+-----
Maces & Flails | 2 3 |  3.5
Fighting       | 4 5 |  5.9
Armour         | 3 |  3.1
Shields        | |  2.1

Action                   |  1- 3 |  4- 6 || total
-------------------------+-------+-------++-------
Melee: Flail             |    15 |       ||    15
       Kick              |    20 |    35 ||    55
       Mace              |    77 |   155 ||   232
  Use: Potion            |       |     1 ||     1
  Eat: Chunk             |     1 |     5 ||     6
Armor: Scale mail        |    44 |    81 ||   125
Dodge: Dodged            |    38 |    68 ||   106
